 Dungeon Crawl Stone Soup version 0.27-a0-263-gc8dee61f84 (webtiles) character file.

Game seed: 1471799483507027207

130 snetch the Magician (level 5, -4/35 (37) HPs)
             Began as a Gnoll Hedge Wizard on Feb 4, 2021.
             Hit by a boomerang thrown by an orc (8 damage)
             ... on level 2 of the Dungeon.
             The game lasted 00:12:08 (2952 turns).

snetch the Magician (Gnoll Hedge Wizard)            Turns: 2952, Time: 00:12:09

HP:   -4/35 (37)    AC:  2    Str: 10    XL:     5   Next: 13%
MP:   1/14          EV: 13    Int: 14    God:
Gold: 137           SH:  0    Dex: 11    Spells: 10/18 levels left

rFire    . . .     SeeInvis .   a - +2 dagger (holy)
rCold    . . .     Faith    .   (no shield)
rNeg     . . .     Spirit   .   b - +0 robe
rPois    .         Reflect  .   c - +0 hat
rElec    .         Harm     .   (no cloak)
rCorr    .         Rampage  .   (no gloves)
Will     .....                  (no boots)
Stlth    ++........             (no amulet)
HPRegen  0.11/turn              (no ring)
MPRegen  0.14/turn              (no ring)

@: drained
A: distributed training, fangs 1, strong nose
a: no special abilities


You were on level 2 of the Dungeon.
You visited 1 branch of the dungeon, and saw 3 of its levels.

You collected 137 gold pieces.

Inventory:

Hand Weapons
 a - a +2 dagger of holy wrath (weapon)
 h - a -3 hand axe
 o - a +0 dagger of electrocution
 v - a -1 spear
 z - a +0 dagger
 E - a +2 hand axe of freezing
Missiles
 g - 108 stones
 i - 48 bolts
 k - 2 boomerangs
 l - 7 javelins
 s - 32 arrows
 w - 24 sling bullets
 B - 7 poisoned darts
 D - a throwing net
Armour
 b - a +0 robe (worn)
 c - a +0 hat (worn)
 e - a +0 ring mail
 f - a +0 leather armour
 m - a +0 scale mail
 n - a +0 ring mail
 A - a +0 chain mail
Jewellery
 p - an uncursed ring of stealth {unknown}
 t - an uncursed ring of protection from cold {unknown}
Wands
 F - a wand of digging (1)
Scrolls
 y - a scroll of identify {unknown}
 G - a scroll of blinking
Potions
 d - a potion of lignification {unknown}
 j - a potion of might {unknown}
 q - a potion of cancellation {unknown}
 r - a potion of mutation {unknown}
 u - a potion of flight {unknown}
 x - a potion of experience {unknown}
 C - a potion of attraction {unknown}


   Skills:
 + Level 1.3 Fighting
 + Level 1.3 Short Blades
 + Level 1.3 Long Blades
 + Level 1.3 Axes
 + Level 1.3 Maces & Flails
 + Level 1.3 Polearms
 + Level 1.3 Staves
 + Level 1.3 Slings
 + Level 1.3 Bows
 + Level 1.3 Crossbows
 + Level 1.3 Throwing
 + Level 1.3 Armour
 + Level 4.7 Dodging
 + Level 4.3 Stealth
 + Level 1.3 Shields
 + Level 1.3 Unarmed Combat
 + Level 7.2 Spellcasting
 + Level 2.3 Conjurations
 + Level 1.1 Hexes
 + Level 2.3 Summonings
 + Level 1.1 Necromancy
 + Level 2.3 Translocations
 + Level 1.1 Transmutations
 + Level 1.1 Fire Magic
 + Level 1.1 Ice Magic
 + Level 1.1 Air Magic
 + Level 1.1 Earth Magic
 + Level 1.1 Poison Magic
 + Level 1.5 Invocations
 + Level 1.3 Evocations


You had 10 spell levels left.
You knew the following spells:

 Your Spells              Type           Power        Failure   Level
a - Magic Dart            Conj           44%          5%          1
b - Blink                 Tloc           N/A          8%          2
c - Call Imp              Summ           11%          8%          2
d - Mephitic Cloud        Conj/Pois/Air  9%           22%         3

Your spell library contained the following spells:

 Spells                   Type           Power        Failure   Level
 Slow                     Hex            8%           13%         2
 Conjure Flame            Conj/Fire      9%           21%         3


Dungeon Overview and Level Annotations

Branches:
Dungeon (3/15)

Altars:
Gozag
Okawaru
Uskayaw
Wu Jian
Zin

Annotations:
D:3 gold behind rock


Innate Abilities, Weirdness & Mutations

Your experience applies equally to all skills.
You have very sharp teeth.
Your uncanny sense of smell can sniff out nearby items.


Message History

The orc priest is heavily wounded.
The orc throws a boomerang.
The boomerang barely misses you. The orc priest closely misses you.
Your white imp hits the orc priest.
Your white imp freezes the orc priest.
Unknown command.
You closely miss the orc priest.
The orc priest is severely wounded.
The orc closely misses you.
The orc throws a boomerang.
The boomerang hits you.
The orc priest hits you with a +2 flail of draining.
You feel drained.
Your white imp gestures at the orc priest.
The puff of frost hits the orc priest.
The orc priest dies!
You have reached level 5!
You hit the orc but do no damage.
The orc is heavily wounded.
The orc hits you with a +0 flail!
* * * LOW HITPOINT WARNING * * *
The orc throws a boomerang.
The boomerang hits you!
You die...

#...# #####...#### ##.
........÷.... ..
.............
∆..###.............
..^..#####...#### .. ∆
###...######...###
....##)55...#.........#
.....o)@...##.##....#.#
......#o#.###.##....#.#
..... #........#....#.#
.... #..####..#.##.#.#
... #..####..#....#.#
.. #..##........<..# .
#..##<##.#....###
#..##.##.#....# #......
.##....


You could see 2 orcs and 2 friendly white imps.

Vanquished Creatures
  An orc priest (D:3)
  2 adders (D:2)
  An ooze (D:1)
  2 dart slugs
  2 leopard geckos (D:1)
  3 orcs
  6 bats
  5 giant cockroaches
  5 goblins
  5 hobgoblins
  2 ball pythons (D:3)
  7 frilled lizards
  4 kobolds
  4 rats
49 creatures vanquished.

Vanquished Creatures (collateral kills)
  An orc priest (D:2)
  3 worms (D:3)
  5 orcs
  A goblin (D:1)
  2 kobolds
  A rat (D:3)
13 creatures vanquished.

Grand Total: 62 creatures vanquished

Notes
Turn   | Place    | Note
-------+----------+-------------------------------------------
     0 | D:1      | snetch the Gnoll Hedge Wizard began the quest for the Orb.
     0 | D:1      | Reached XP level 1. HP: 13/13 MP: 8/8
   280 | D:1      | Reached XP level 2. HP: 19/19 MP: 6/10
   340 | D:1      | Learned a level 2 spell: Blink
   343 | D:1      | Learned a level 2 spell: Call Imp
   888 | D:1      | Reached XP level 3. HP: 25/25 MP: 6/11
   894 | D:1      | Learned a level 3 spell: Mephitic Cloud
  1723 | D:2      | Found a hide-covered altar of Uskayaw.
  1723 | D:2      | Found an iron altar of Okawaru.
  1723 | D:2      | Found an ornate altar of the Wu Jian Council.
  1786 | D:2      | Reached skill level 1 in Invocations
  1885 | D:2      | Reached skill level 1 in Fighting
  1885 | D:2      | Reached skill level 1 in Short Blades
  1885 | D:2      | Reached skill level 1 in Long Blades
  1885 | D:2      | Reached skill level 1 in Axes
  1885 | D:2      | Reached skill level 1 in Maces & Flails
  1885 | D:2      | Reached skill level 1 in Polearms
  1885 | D:2      | Reached skill level 1 in Staves
  1885 | D:2      | Reached skill level 1 in Slings
  1885 | D:2      | Reached skill level 1 in Bows
  1885 | D:2      | Reached skill level 1 in Crossbows
  1885 | D:2      | Reached skill level 1 in Throwing
  1885 | D:2      | Reached skill level 1 in Armour
  1885 | D:2      | Reached skill level 1 in Shields
  1885 | D:2      | Reached skill level 1 in Unarmed Combat
  1885 | D:2      | Reached skill level 1 in Evocations
  2004 | D:3      | Found a glowing silver altar of Zin.
  2090 | D:3      | Reached XP level 4. HP: 32/32 MP: 10/13
  2222 | D:3      | Reached skill level 1 in Hexes
  2222 | D:3      | Reached skill level 1 in Necromancy
  2222 | D:3      | Reached skill level 1 in Transmutations
  2222 | D:3      | Reached skill level 1 in Fire Magic
  2222 | D:3      | Reached skill level 1 in Ice Magic
  2222 | D:3      | Reached skill level 1 in Air Magic
  2222 | D:3      | Reached skill level 1 in Earth Magic
  2222 | D:3      | Reached skill level 1 in Poison Magic
  2631 | D:3      | Found an opulent altar of Gozag.
  2952 | D:2      | Reached XP level 5. HP: 11/35 MP: 1/14
  2952 | D:2      | Hit by a boomerang thrown by an orc

Illustrated notes

Levels and vault maps discovered:
D:1:      dpeg_chamrin_arrival_tetris, layout_basic, supply_closet_lemuel
D:2:      cheibrodos_pilgrimage, layout_loops_cross, lemuel_blue_sif_altar,
          chequers_temple_overflow_statue_of_worship, minmay_cupped
D:3:      layout_rooms, pdpol_temple_overflow_zin_treasury_gozag_greed,
          portal_sewer_entry_b, grunt_decor_arrowhead, roderic_lattice_a

Skill      XL: |  1  2  3  4 |
---------------+-------------+-----
Conjurations   | 2 |  2.3
Summonings     | 2 |  2.3
Translocations | 2 |  2.3
Invocations    | 1 |  1.5
Fighting       | 1 |  1.3
Short Blades   | 1 |  1.3
Long Blades    | 1 |  1.3
Axes           | 1 |  1.3
Maces & Flails | 1 |  1.3
Polearms       | 1 |  1.3
Staves         | 1 |  1.3
Slings         | 1 |  1.3
Bows           | 1 |  1.3
Crossbows      | 1 |  1.3
Throwing       | 1 |  1.3
Armour         | 1 |  1.3
Shields        | 1 |  1.3
Unarmed Combat | 1 |  1.3
Evocations     | 1 |  1.3
Hexes          | 1 |  1.1
Necromancy     | 1 |  1.1
Transmutations | 1 |  1.1
Fire Magic     | 1 |  1.1
Ice Magic      | 1 |  1.1
Air Magic      | 1 |  1.1
Earth Magic    | 1 |  1.1
Poison Magic   | 1 |  1.1
Dodging        | |  4.7
Stealth        | |  4.3
Spellcasting   | |  7.2

Action                   |  1- 3 |  4- 6 || total
-------------------------+-------+-------++-------
Melee: Dagger            |    12 |    12 ||    24
       Spear             |       |    10 ||    10
       Hand axe          |       |     8 ||     8
 Cast: Magic Dart        |    87 |    38 ||   125
       Call Imp          |     3 |     7 ||    10
  Use: Scroll            |       |     6 ||     6
 Stab: Sleeping          |       |     1 ||     1
Armor: Robe              |     3 |     6 ||     9
       Scale mail        |       |     3 ||     3
Dodge: Dodged            |    19 |    45 ||    64

Table legend: (Time is in decaauts)
 A = Elapsed time spent in this place.
 B = Non-inter-level travel time spent in this place.
 C = Inter-level travel time spent in this place.
 D = Time resting spent in this place.
 E = Time spent auto-exploring this place.
 F = Levels seen in this place.
 G = Mean time per level.
                   A        B        C        D        E       F      G
               +--------+--------+--------+--------+--------+-----+--------+
         Total |   2958 |   2720 |    238 |      0 |   1832 |   3 |  986.0 |
       Dungeon |   2958 |   2720 |    238 |      0 |   1832 |   3 |  986.0 |
               +--------+--------+--------+--------+--------+-----+--------+

Top non-repeatable levels by time:
     D:1: 1711 daAuts
     D:3: 910 daAuts
     D:2: 336 daAuts
